 Dungeon Crawl Stone Soup version 0.22.0-49-gab54619674 (webtiles) character file.

343 JedernureinKreuz the Conjurer (level 6, 0/44 HPs)
             Began as a Gnoll Conjurer on Sept 7, 2018.
             Was an Initiate of Sif Muna.
             Slain by a hound (3 damage)
             ... on level 4 of the Dungeon.
             The game lasted 00:16:30 (3007 turns).

JedernureinKreuz the Conjurer (Gnoll Conjurer)      Turns: 3007, Time: 00:16:31

Health: 0/44       AC:  3    Str: 10      XL:     6   Next: 57%
Magic:  13/14      EV: 15    Int: 19      God:    Sif Muna [......]
Gold:   176        SH:  0    Dex: 14 (16) Spells: 5/15 levels left

rFire    . . .     SeeInvis .   a - +0 short sword (speed)
rCold    . . .     Gourm    .   (no shield)
rNeg     . . .     Faith    .   k - +0 robe
rPois    .         Spirit   .   (no helmet)
rElec    .         Reflect  .   (no cloak)
rCorr    .         Harm     .   p - +0 pair of gloves
MR       .....                  (no boots)
Stlth    +++.......             (no amulet)
HPRegen  0.14/turn              (no ring)
MPRegen  0.14/turn              (no ring)

@: no status effects
A: distributed training, fangs 1, strong nose
a: Renounce Religion


You were on level 4 of the Dungeon.
You worshipped Sif Muna.
Sif Muna was noncommittal.
You were not hungry.

You visited 1 branch of the dungeon, and saw 4 of its levels.

You collected 176 gold pieces.

Inventory:

Hand Weapons
 a - a +0 short sword of speed (weapon)
 b - a +0 blowgun
 d - a +0 short sword
 A - a +0 club
 B - a +1 dagger of electrocution
Missiles
 e - 112 stones (quivered)
 u - 37 sling bullets
 x - 39 bolts
 C - 2 curare-tipped needles
 D - 13 poisoned needles
Armour
 k - a +0 robe (worn)
 p - a +0 pair of gloves (worn)
Scrolls
 f - a scroll of teleportation {unknown}
 g - 2 scrolls of amnesia {unknown}
 h - 2 scrolls of enchant weapon {unknown}
 i - 4 scrolls of remove curse {unknown}
 j - 5 scrolls of identify {unknown}
 m - a scroll of enchant armour {unknown}
 n - 3 scrolls of immolation {unknown}
 q - a scroll of fog {unknown}
 r - a scroll of fear {unknown}
 s - a scroll of blinking {unknown}
 w - a scroll of noise {unknown}
Potions
 l - 3 potions of might {unknown}
 o - 3 potions of degeneration {unknown}
 t - 2 potions of invisibility {unknown}
 v - a potion of brilliance {unknown}
 y - a potion of berserk rage {unknown}
 z - a potion of lignification {unknown}
Comestibles
 c - 9 rations
 E - 2 chunks of flesh


   Skills:
 + Level 2.0 Fighting
 + Level 2.0 Short Blades
 + Level 2.0 Long Blades
 + Level 2.0 Axes
 + Level 2.0 Maces & Flails
 + Level 2.0 Polearms
 + Level 2.0 Staves
 + Level 2.0 Slings
 + Level 2.0 Bows
 + Level 2.0 Crossbows
 + Level 2.0 Throwing
 + Level 2.0 Armour
 + Level 5.0 Dodging
 + Level 4.6 Stealth
 + Level 2.0 Shields
 + Level 2.0 Unarmed Combat
 + Level 5.4 Spellcasting
 + Level 7.3 Conjurations
 + Level 1.5 Hexes
 + Level 1.5 Charms
 + Level 1.5 Summonings
 + Level 1.5 Necromancy
 + Level 1.5 Translocations
 + Level 1.5 Transmutations
 + Level 1.5 Fire Magic
 + Level 1.5 Ice Magic
 + Level 1.5 Air Magic
 + Level 1.5 Earth Magic
 + Level 1.5 Poison Magic
 + Level 2.2 Invocations
 + Level 2.0 Evocations


You had 5 spell levels left.
You knew the following spells:

 Your Spells              Type           Power        Failure   Level  Hunger
a - Magic Dart            Conj           ####         1%          1    None
b - Iskenderun's Mystic   Conj           ####....     6%          4    ####...
c - Dazzling Spray        Conj/Hex       ###...       6%          3    ##.....
d - Blink                 Tloc           N/A          10%         2    None

Your spell library contained the following spells:

 Spells                   Type           Power        Failure   Level  Hunger
 Searing Ray              Conj           ####..       1%          2    None
 Conjure Flame            Conj/Fire      ###.....     6%          3    ##.....
 Mephitic Cloud           Conj/Pois/Air  ###.....     9%          3    ##.....
 Call Imp                 Summ           ##......     10%         2    None
 Slow                     Hex            ##......     10%         2    None
 Force Lance              Conj/Tloc      ###.....     19%         4    ####...
 Fulminant Prism          Conj/Hex       ###.......   19%         4    ####...


Dungeon Overview and Level Annotations

Branches:
Dungeon (4/15)
 Temple: D:4-7

Altars:
Ashenzari
Qazlal
Sif Muna
Xom


Innate Abilities, Weirdness & Mutations

Your experience applies equally to all skills.
You have very sharp teeth.
Your uncanny sense of smell can sniff out nearby items.


Message History

Beogh smites you!
The orc priest mumbles some strange prayers to Beogh against you.
Beogh smites you! The hound bites you.
The orc priest calls upon Beogh to heal the orc priest.
The orc priest is healed somewhat.
The hound misses you. The hound closely misses you.
The orc priest looks encouraged for a moment.
The hound bites you. The hound bites you but does no damage.
The orc priest calls down the wrath of Beogh upon you.
Beogh smites you!
* * * LOW HITPOINT WARNING * * *
The hound barely misses you. The hound bites you.
* * * LOW HITPOINT WARNING * * *
The orc priest looks satisfied for a moment.
The orc priest looks satisfied for a moment.
The hound bites you.
You die...

.........[....#
...>..........#
..........)÷..#
.†.......###.## ######
.........# #.# ### ##....#
.........###.####.###.....#
........###...............##
...$....##<............♣P..#
........#.......@h.o...♣P..#
......!.#........o........##
#.....[............##
...>............o....##
..#....................#
.<.#...................#
......................#
#.........#.........#
.............#


You could see a hound, 2 orc priests and an orc.

Vanquished Creatures
  An ice beast (D:3)
  A howler monkey (D:3)
  A quasit (D:3)
  An orc priest (D:3)
  3 gnolls (D:3)
  4 adders
  An ooze (D:3)
  A worm (D:4)
  3 dart slugs
  5 leopard geckos
  4 orcs
  8 bats
  3 giant cockroaches
  7 goblins
  7 hobgoblins
  2 jackals (D:1)
  10 kobolds
  A quokka (D:3)
  A ball python (D:2)
  7 frilled lizards
  8 rats
79 creatures vanquished.

Notes
Turn   | Place    | Note
-------+----------+-------------------------------------------
     0 | D:1      | JedernureinKreuz the Gnoll Conjurer began the quest for the
                  | Orb.
     0 | D:1      | Reached XP level 1. HP: 13/13 MP: 6/6
   131 | D:1      | Reached XP level 2. HP: 19/19 MP: 7/7
   469 | D:1      | Reached XP level 3. HP: 25/25 MP: 7/9
   572 | D:1      | Reached skill level 5 in Spellcasting
  1193 | D:2      | Reached skill level 1 in Invocations
  1243 | D:2      | Found a shattered altar of Ashenzari.
  1365 | D:2      | Reached skill level 1 in Fighting
  1365 | D:2      | Reached skill level 1 in Short Blades
  1365 | D:2      | Reached skill level 1 in Long Blades
  1365 | D:2      | Reached skill level 1 in Axes
  1365 | D:2      | Reached skill level 1 in Maces & Flails
  1365 | D:2      | Reached skill level 1 in Polearms
  1365 | D:2      | Reached skill level 1 in Staves
  1365 | D:2      | Reached skill level 1 in Slings
  1365 | D:2      | Reached skill level 1 in Bows
  1365 | D:2      | Reached skill level 1 in Crossbows
  1365 | D:2      | Reached skill level 1 in Throwing
  1365 | D:2      | Reached skill level 1 in Armour
  1365 | D:2      | Reached skill level 1 in Shields
  1365 | D:2      | Reached skill level 1 in Unarmed Combat
  1365 | D:2      | Reached skill level 1 in Evocations
  1448 | D:2      | Reached XP level 4. HP: 32/32 MP: 11/11
  1525 | D:2      | Found a stormy altar of Qazlal.
  1830 | D:3      | Reached skill level 1 in Hexes
  1830 | D:3      | Reached skill level 1 in Charms
  1830 | D:3      | Reached skill level 1 in Summonings
  1830 | D:3      | Reached skill level 1 in Necromancy
  1830 | D:3      | Reached skill level 1 in Translocations
  1830 | D:3      | Reached skill level 1 in Transmutations
  1830 | D:3      | Reached skill level 1 in Fire Magic
  1830 | D:3      | Reached skill level 1 in Ice Magic
  1830 | D:3      | Reached skill level 1 in Air Magic
  1830 | D:3      | Reached skill level 1 in Earth Magic
  1830 | D:3      | Reached skill level 1 in Poison Magic
  1845 | D:3      | Reached XP level 5. HP: 17/37 MP: 3/12
  2490 | D:3      | Noticed an ice beast
  2497 | D:3      | Learned a level 4 spell: Iskenderun's Mystic Blast
  2501 | D:3      | Learned a level 3 spell: Dazzling Spray
  2525 | D:3      | Killed an ice beast
  2525 | D:3      | Reached XP level 6. HP: 44/44 MP: 1/14
  2618 | D:3      | Reached skill level 5 in Dodging
  2819 | D:3      | Found a deep blue altar of Sif Muna.
  2831 | D:3      | Became a worshipper of Sif Muna the Loreminder
  2973 | D:4      | Learned a level 2 spell: Blink
  2992 | D:4      | Found a shimmering altar of Xom.
  3004 | D:4      | HP: 2/44 [hound (4)]
  3007 | D:4      | Slain by a hound

Skill      XL: |  1  2  3  4  5  6 |
---------------+-------------------+-----
Spellcasting   | 5 |  5.4
Invocations    | 1 2 |  2.2
Fighting       | 1 2 |  2.0
Short Blades   | 1 2 |  2.0
Long Blades    | 1 2 |  2.0
Axes           | 1 2 |  2.0
Maces & Flails | 1 2 |  2.0
Polearms       | 1 2 |  2.0
Staves         | 1 2 |  2.0
Slings         | 1 2 |  2.0
Bows           | 1 2 |  2.0
Crossbows      | 1 2 |  2.0
Throwing       | 1 2 |  2.0
Armour         | 1 2 |  2.0
Shields        | 1 2 |  2.0
Unarmed Combat | 1 2 |  2.0
Evocations     | 1 2 |  2.0
Hexes          | 1 |  1.5
Charms         | 1 |  1.5
Summonings     | 1 |  1.5
Necromancy     | 1 |  1.5
Translocations | 1 |  1.5
Transmutations | 1 |  1.5
Fire Magic     | 1 |  1.5
Ice Magic      | 1 |  1.5
Air Magic      | 1 |  1.5
Earth Magic    | 1 |  1.5
Poison Magic   | 1 |  1.5
Dodging        | 5 |  5.0
Stealth        | |  4.6
Conjurations   | |  7.3

Action                   |  1- 3 |  4- 6 || total
-------------------------+-------+-------++-------
Melee: Short sword       |    48 |    21 ||    69
       Unarmed           |     2 |       ||     2
       Bite              |     3 |       ||     3
 Fire: Blowgun           |       |     3 ||     3
Throw: Throwing net      |       |     2 ||     2
 Cast: Magic Dart        |    47 |    85 ||   132
 Stab: Sleeping          |     6 |     6 ||    12
  Eat: Chunk             |     1 |     2 ||     3
       Ration            |       |     1 ||     1
Armor: Robe              |     8 |    12 ||    20
Dodge: Dodged            |    24 |    38 ||    62
